PL
PANAMA CITY PIRANHAS @ THUNDER BAY NORTHERN LIONS BC
08/11/2027
 
TOP OF THE 1ST
Panama City Piranhas batting - Pitching for Thunder Bay Northern Lions BC : RHP Rafael Cardona
Pitching: RHP Rafael Cardona
Batting: LHB Herman Hayes 0-0: Foul Ball, location: 2F
0-1: Ball
1-1: Ground out U3 (Groundball, 34)
Batting: RHB Cale Sutton 0-0: Ball
1-0: Fly out, F9 (Flyball, 9LM)
Batting: RHB Baldomero Avino 0-0: Ball
1-0: Called Strike
1-1: Fly out, F7 (Flyball, 78M)
Top of the 1st over - 0 run(s), 0 hit(s), 0 error(s), 0 left on base; Panama City 0 - Thunder Bay 0
BOTTOM OF THE 1ST
Thunder Bay Northern Lions BC batting - Pitching for Panama City Piranhas : LHP Pedro Alejándrez
Pitching: LHP Pedro Alejándrez
Batting: SHB Terumoto Kurihara 0-0: Ground out 6-3 (Groundball, 6M)
Batting: RHB Keith Fish 0-0: Ball
1-0: Swinging Strike
1-1: Ball
2-1: Ball
3-1: Foul Ball, location: 2F
3-2: Base on Balls
Batting: SHB Carlos Rodríguez 0-0: Ball
1-0: Foul Ball, location: 2F
1-1: Ball
2-1: Ball
3-1: Foul Ball, location: 2F
3-2: Foul Ball, location: 2F
3-2: Foul Ball, location: 2F
3-2: Fly out, F6 (Popup, 5D)
Batting: LHB David Smith 0-0: Ball
1-0: Ball
2-0: Ground out U3 (Groundball, 3)
Bottom of the 1st over - 0 run(s), 0 hit(s), 0 error(s), 1 left on base; Panama City 0 - Thunder Bay 0
TOP OF THE 2ND
Panama City Piranhas batting - Pitching for Thunder Bay Northern Lions BC : RHP Rafael Cardona
Batting: RHB Raúl Ortíz 0-0: Foul Ball, location: 2F
0-1: Ground out 6-3 (Groundball, 6)
Batting: RHB Juan Jose Ayala 0-0: Ball
1-0: Fly out, F4 (Line Drive, 4M)
Batting: LHB Sergio Muńóz 0-0: Called Strike
0-1: Fly out, F7 (Flyball, 7S)
Top of the 2nd over - 0 run(s), 0 hit(s), 0 error(s), 0 left on base; Panama City 0 - Thunder Bay 0
BOTTOM OF THE 2ND
Thunder Bay Northern Lions BC batting - Pitching for Panama City Piranhas : LHP Pedro Alejándrez
Batting: RHB Carlos Padilla 0-0: Ball
1-0: Ball
2-0: Ball
3-0: Base on Balls
Batting: RHB Xavier Pérez 0-0: Ball
1-0: Called Strike
1-1: Fielders Choice at 2nd, 6-4 (Groundball, 6)
Batting: SHB Arnold Griffith 0-0: Called Strike
Xavier Pérez is caught stealing 2nd base
0-1: Fly out, F8 (Line Drive, 8RS)
Bottom of the 2nd over - 0 run(s), 0 hit(s), 0 error(s), 0 left on base; Panama City 0 - Thunder Bay 0
TOP OF THE 3RD
Panama City Piranhas batting - Pitching for Thunder Bay Northern Lions BC : RHP Rafael Cardona
Batting: LHB Robert Adams 0-0: Called Strike
0-1: Fly out, F8 (Flyball, 8LS)
Batting: RHB Fernando Silva 0-0: Called Strike
0-1: Swinging Strike
0-2: Fly out, F8 (Flyball, 8RS)
Batting: SHB Tsing Guao 0-0: Called Strike
0-1: Ball
1-1: SINGLE (Groundball, 4D)
Batting: LHB Herman Hayes 0-0: Ball
1-0: Called Strike
1-1: Swinging Strike
1-2: Ball
2-2: Foul Ball, location: 2F
2-2: Strikes out looking
Top of the 3rd over - 0 run(s), 1 hit(s), 0 error(s), 1 left on base; Panama City 0 - Thunder Bay 0
BOTTOM OF THE 3RD
Thunder Bay Northern Lions BC batting - Pitching for Panama City Piranhas : LHP Pedro Alejándrez
Batting: RHB Henry Womack 0-0: Ball
1-0: Called Strike
1-1: Ball
2-1: Called Strike
2-2: Foul Ball, location: 2F
2-2: Fly out, F2 (Popup, 15)
Batting: LHB Chris Gregory 0-0: Called Strike
0-1: Swinging Strike
0-2: Strikes out looking
Batting: SHB Terumoto Kurihara 0-0: Ball
1-0: Swinging Strike
1-1: Foul Ball, location: 2F
1-2: Ball
2-2: Ball
3-2: Ground out 4-3 (Groundball, 4)
Bottom of the 3rd over - 0 run(s), 0 hit(s), 0 error(s), 0 left on base; Panama City 0 - Thunder Bay 0
TOP OF THE 4TH
Panama City Piranhas batting - Pitching for Thunder Bay Northern Lions BC : RHP Rafael Cardona
Batting: RHB Cale Sutton 0-0: Foul Ball, location: 2F
0-1: Ball
1-1: Swinging Strike
1-2: SINGLE (Groundball, 6MD)
Batting: RHB Baldomero Avino 0-0: Ball
1-0: Called Strike
1-1: Fly out, F6 (Popup, 6D)
Batting: RHB Raúl Ortíz 0-0: Swinging Strike
0-1: Swinging Strike
0-2: Foul Ball, location: 2F
0-2: Ball
1-2: Strikes out swinging
Batting: RHB Juan Jose Ayala 0-0: Called Strike
0-1: Ground out 4-3 (Groundball, 34)
Top of the 4th over - 0 run(s), 1 hit(s), 0 error(s), 1 left on base; Panama City 0 - Thunder Bay 0
BOTTOM OF THE 4TH
Thunder Bay Northern Lions BC batting - Pitching for Panama City Piranhas : LHP Pedro Alejándrez
Batting: RHB Keith Fish 0-0: Foul Ball, location: 2F
0-1: Fly out, F9 (Flyball, 9LM)
Batting: SHB Carlos Rodríguez 0-0: Called Strike
0-1: SINGLE (Groundball, 3D)
Batting: LHB David Smith 0-0: Foul Ball, location: 2F
0-1: Grounds into double play, 6-4-3 (Groundball, 6)
Bottom of the 4th over - 0 run(s), 1 hit(s), 0 error(s), 0 left on base; Panama City 0 - Thunder Bay 0
TOP OF THE 5TH
Panama City Piranhas batting - Pitching for Thunder Bay Northern Lions BC : RHP Rafael Cardona
Batting: LHB Sergio Muńóz 0-0: Foul Ball, location: 2F
0-1: Foul Ball, location: 2F
0-2: Ball
1-2: Ball
2-2: Foul Ball, location: 2F
2-2: Ball
3-2: SINGLE (Groundball, 6MD)
Batting: LHB Robert Adams 0-0: Grounds into double play, 4-6-3 (Groundball, 4)
Batting: RHB Fernando Silva 0-0: Ball
1-0: Swinging Strike
1-1: Ball
2-1: Swinging Strike
2-2: Foul Ball, location: 2F
2-2: Foul Ball, location: 2F
2-2: Strikes out swinging
Top of the 5th over - 0 run(s), 1 hit(s), 0 error(s), 0 left on base; Panama City 0 - Thunder Bay 0
BOTTOM OF THE 5TH
Thunder Bay Northern Lions BC batting - Pitching for Panama City Piranhas : LHP Pedro Alejándrez
Batting: RHB Carlos Padilla 0-0: Foul Ball, location: 2F
0-1: Called Strike
0-2: Reached on error, E8 (Flyball, 8LM)
Batting: RHB Xavier Pérez 0-0: Ball
1-0: SINGLE (Flyball, 7S)
Carlos Padilla to second
Batting: SHB Arnold Griffith 0-0: Bunted foul
0-1: Sac Bunt - play at third, runner OUT! 1-6
Xavier Pérez to second
Batting: RHB Henry Womack 0-0: Ball
1-0: Foul Ball, location: 2F
1-1: Ball
2-1: Called Strike
2-2: 3-RUN HOME RUN (Line Drive, 78XD) (Inside the Park)
Batting: LHB Chris Gregory 0-0: Called Strike
0-1: Fly out, F7 (Line Drive, 7D)
Batting: SHB Terumoto Kurihara 0-0: Ball
1-0: Ball
2-0: Ball
3-0: Foul Ball, location: 2F
3-1: SOLO HOME RUN (Flyball, 78XD), Distance : 428 ft
Batting: RHB Keith Fish 0-0: Called Strike
0-1: Ball
1-1: Foul Ball, location: 2F
1-2: Ball
2-2: Ball
3-2: Foul Ball, location: 2F
3-2: SINGLE (Groundball, 56D)
Batting: SHB Carlos Rodríguez 0-0: Called Strike
0-1: SINGLE (Groundball, 56S) (infield hit)
Keith Fish to second
Batting: LHB David Smith 0-0: Ball
1-0: Ball
2-0: SINGLE (Groundball, 4D)
Keith Fish to third
Carlos Rodríguez to second
Runner from 3rd tries for Home, SAFE, no throw
Batting: RHB Carlos Padilla 0-0: Ball
1-0: Ball
2-0: Fly out, F9 (Flyball, 9LMF)
Bottom of the 5th over - 5 run(s), 6 hit(s), 1 error(s), 2 left on base; Panama City 0 - Thunder Bay 5
TOP OF THE 6TH
Panama City Piranhas batting - Pitching for Thunder Bay Northern Lions BC : RHP Rafael Cardona
Batting: SHB Tsing Guao 0-0: Ball
1-0: Ball
2-0: Called Strike
2-1: Fly out, F5 (Popup, 56)
Batting: LHB Herman Hayes 0-0: Ball
1-0: Ball
2-0: Ball
3-0: Base on Balls
Batting: RHB Cale Sutton 0-0: Ball
1-0: SINGLE (Line Drive, 4D)
Herman Hayes to second
Batting: RHB Baldomero Avino 0-0: Fly out, F8 (Flyball, 78D)
Batting: RHB Raúl Ortíz 0-0: Ball
1-0: Called Strike
1-1: Foul Ball, location: 2F
1-2: Ball
2-2: Fly out, F9 (Flyball, 9S)
Top of the 6th over - 0 run(s), 1 hit(s), 0 error(s), 2 left on base; Panama City 0 - Thunder Bay 5
BOTTOM OF THE 6TH
Thunder Bay Northern Lions BC batting - Pitching for Panama City Piranhas : LHP Pedro Alejándrez
Batting: RHB Xavier Pérez 0-0: Ball
1-0: Ball
2-0: Called Strike
2-1: Ground out 6-3 (Groundball, 6)
Batting: SHB Arnold Griffith 0-0: Ball
1-0: DOUBLE (Line Drive, 7LD)
Batting: RHB Henry Womack 0-0: Called Strike
0-1: Called Strike
0-2: Ball
1-2: Strikes out swinging
Batting: LHB Chris Gregory 0-0: Called Strike
0-1: Foul Ball, location: 2F
0-2: Strikes out swinging
Bottom of the 6th over - 0 run(s), 1 hit(s), 0 error(s), 1 left on base; Panama City 0 - Thunder Bay 5
TOP OF THE 7TH
Panama City Piranhas batting - Pitching for Thunder Bay Northern Lions BC : RHP Rafael Cardona
Batting: RHB Juan Jose Ayala 0-0: SINGLE (Groundball, 34D)
Batting: LHB Sergio Muńóz 0-0: Grounds into double play, 4-6-3 (Groundball, 4M)
Batting: LHB Robert Adams 0-0: Called Strike
0-1: Ball
1-1: Foul Ball, location: 2F
1-2: Ball
2-2: SINGLE (Line Drive, 6MD)
Batting: RHB Fernando Silva 0-0: Fielders Choice at 2nd, U6 (Groundball, 6M)
Top of the 7th over - 0 run(s), 2 hit(s), 0 error(s), 1 left on base; Panama City 0 - Thunder Bay 5
BOTTOM OF THE 7TH
Thunder Bay Northern Lions BC batting - Pitching for Panama City Piranhas : LHP Pedro Alejándrez
Batting: SHB Terumoto Kurihara 0-0: Ground out 4-3 (Groundball, 4S)
Batting: RHB Keith Fish 0-0: Ball
1-0: Fly out, F8 (Flyball, 8LS)
Batting: SHB Carlos Rodríguez 0-0: Called Strike
0-1: Swinging Strike
0-2: SINGLE (Groundball, 56S) (infield hit)
Pitching: RHP Edgardo Nava
Batting: LHB David Smith 0-0: Called Strike
0-1: Foul Ball, location: 2F
0-2: Ball
1-2: Ball
2-2: Foul Ball, location: 2F
2-2: Strikes out swinging
Bottom of the 7th over - 0 run(s), 1 hit(s), 0 error(s), 1 left on base; Panama City 0 - Thunder Bay 5
TOP OF THE 8TH
Panama City Piranhas batting - Pitching for Thunder Bay Northern Lions BC : RHP Rafael Cardona
Batting: SHB Tsing Guao 0-0: Called Strike
0-1: Foul Ball, location: 2F
0-2: Strikes out swinging
Batting: LHB Herman Hayes 0-0: Ball
1-0: Called Strike
1-1: Ball
2-1: Foul Ball, location: 2F
2-2: Strikes out swinging
Batting: RHB Cale Sutton 0-0: Fly out, F7 (Flyball, 78D)
Top of the 8th over - 0 run(s), 0 hit(s), 0 error(s), 0 left on base; Panama City 0 - Thunder Bay 5
BOTTOM OF THE 8TH
Thunder Bay Northern Lions BC batting - Pitching for Panama City Piranhas : RHP Edgardo Nava
Batting: RHB Carlos Padilla 0-0: Called Strike
0-1: Ball
1-1: Foul Ball, location: 2F
1-2: Ball
2-2: Foul Ball, location: 2F
2-2: SINGLE (Groundball, 6MD)
Batting: RHB Xavier Pérez 0-0: Hit by Pitch
Carlos Padilla to second
Batting: SHB Arnold Griffith 0-0: Sac Bunt - play at first, batter OUT! 1-3
Carlos Padilla to third
Xavier Pérez to second
Batting: RHB Henry Womack 0-0: Fly out, F6 (Line Drive, 6)
Batting: LHB Chris Gregory 0-0: Called Strike
0-1: Ball
1-1: Fly out, F8 (Flyball, 89M)
Bottom of the 8th over - 0 run(s), 1 hit(s), 0 error(s), 2 left on base; Panama City 0 - Thunder Bay 5
TOP OF THE 9TH
Panama City Piranhas batting - Pitching for Thunder Bay Northern Lions BC : RHP Rafael Cardona
Batting: RHB Baldomero Avino 0-0: Ball
1-0: Fly out, F8 (Flyball, 8LXD)
Batting: RHB Raúl Ortíz 0-0: Foul Ball, location: 2F
0-1: Ball
1-1: Foul Ball, location: 2F
1-2: Ball
2-2: Foul Ball, location: 2F
2-2: Foul Ball, location: 2F
2-2: Fly out, F2 (Popup, 25)
Batting: RHB Juan Jose Ayala 0-0: Ball
1-0: Fly out, F9 (Flyball, 9)
Top of the 9th over - 0 run(s), 0 hit(s), 0 error(s), 0 left on base; Panama City 0 - Thunder Bay 5
Saturday, May 26th, 2018 - OOTP Baseball 17.12 Build 75